Map: Roskalian ER

Players

Chan

  • Race: Zerg Zerg

Chan

  • Race: Terran Terran

jendrus

  • Race: Zerg Zerg

Sidziej

  • Race: Terran Terran
  • League: Silver

VOD

Have the link to the VOD?

Description

Time

  • Played on: March 25, 2022, 1:22 p.m.
  • Length: 16:53
Show
View Real Time Build Order
Export as new Build Order

Chan Zerg 

Build Orders: Hatch First 

Get SALT Encoding   

  12  0:00  Drone  
  13  0:12  Overlord  
  13  0:18  Drone  
  14  0:31  Drone x2  
  16  0:51  Hatchery  
  16  0:55  Drone  
  16  0:57  Drone  
  16  1:01  Drone  
  18  1:08  Overlord  
  18  1:15  Extractor  
  17  1:24  Spawning Pool  
  16  1:27  Drone  
  16  1:30  Drone  
  18  1:39  Drone  
  19  1:49  Drone  
  20  2:13  Queen x2  
  20  2:14  Zergling x2  
  20  2:15  Zergling x6  
  28  2:19  Metabolic Boost  
  28  2:23  Drone  
  28  2:26  Drone  
  30  2:34  Drone  
  31  2:50  Drone  
  32  2:57  Drone x2  
  34  3:04  Hatchery  
  33  3:07  Drone  
  33  3:08  Drone x2  
  33  3:12  Overlord  
  36  3:23  Overlord  
  36  3:29  Queen  
  37  3:37  Drone x5  
  42  3:43  Drone  
  42  3:44  Drone  
  44  3:49  Lair  
  44  3:52  Drone  
  44  3:53  Drone  
  45  4:05  Drone x2  
  45  4:25  Zergling x2  
  45  4:26  Zergling x12  
  45  4:28  Queen  
  54  4:42  Extractor  
  54  4:44  Drone x2  
  54  4:45  Drone x2, Extractor x2, Overlord  
  55  4:59  Drone x3  
  58  5:00  Overlord x2  
  51  5:27  Zergling x2  
  51  5:28  Spire, Zergling x14  
  58  5:37  Zergling x8  
  62  5:45  Evolution Chamber  
  62  5:46  Evolution Chamber  
  60  6:06  Hatchery, Overlord x3  
  60  6:08  Infestation Pit  
  58  6:13  Drone  
  58  6:14  Drone x9, Overlord  
  58  6:15  Overlord x2  
  58  6:18  Extractor x2  
  67  6:19  Zerg Ground Armor Level 1, Zerg Melee Weapons Level 1  
  67  6:22  Baneling Nest  
  67  6:23  Drone x3  
  67  6:24  Drone  
  67  6:25  Drone x3  
  72  6:30  Queen  
  74  6:34  Drone x2  
  76  6:43  Zerg Flyer Weapons Level 1  
  76  6:45  Hive  
  76  7:13  Overlord x4  
  76  7:15  Drone  
  77  7:16  Centrifugal Hooks  
  77  7:18  Mutalisk x2  
  77  7:19  Mutalisk x2  
  85  7:36  Drone x4  
  85  7:37  Drone x6  
  91  7:38  Drone  
  91  7:41  Overseer  
  91  7:42  Pneumatized Carapace  
  96  7:48  Mutalisk x3  
  102  7:51  Hatchery  
  102  7:54  Zergling x2  
  102  7:55  Zergling x10  
  107  8:01  Adrenal Glands  
  107  8:12  Extractor  
  106  8:13  Mutalisk  
  106  8:14  Mutalisk  
  110  8:27  Zergling x2  
  110  8:28  Mutalisk x2, Zergling x10  
  110  8:29  Mutalisk  
  122  8:38  Drone x2  
  122  8:39  Drone x6  
  122  8:40  Overlord x3  
  130  8:42  Drone x2  
  132  9:03  Zerg Melee Weapons Level 2, Zerg Ground Armor Level 2  
  132  9:05  Mutalisk x3  
  138  9:13  Drone x4  
  138  9:14  Drone  
  138  9:15  Drone x5  
  138  9:16  Extractor  
  147  9:23  Baneling  
  147  9:24  Baneling x10  
  147  9:35  Mutalisk  
  147  9:36  Mutalisk x2  
  153  9:39  Zergling x6  
  153  9:40  Zergling x16  
  164  9:51  Overseer  
  164  9:53  Drone  
  164  9:54  Drone x13  
  164  9:56  Overlord x2  
  178  10:00  Zerg Flyer Weapons Level 2  
  178  10:01  Ultralisk Cavern  
  177  10:37  Drone x3  
  177  10:40  Extractor x2  
  178  10:44  Hatchery  
  178  10:45  Extractor  
  178  10:48  Extractor  
  175  10:50  Chitinous Plating  
  175  10:55  Zergling x22  
  175  10:56  Zergling x14  
  193  10:58  Mutalisk x3  
  199  11:05  Overseer x2  
  199  11:10  Overseer  
  199  11:40  Baneling x3  
  199  11:41  Baneling x16  
  199  12:09  Anabolic Synthesis  
  199  12:11  Burrow  
  199  12:12  Zerg Melee Weapons Level 3, Zerg Ground Armor Level 3  
  157  13:05  Ultralisk x5  
  187  13:08  Overlord x4  
  186  13:54  Corruptor  
  186  13:55  Corruptor x6  
  188  13:59  Zerg Flyer Armor Level 1  
  188  14:02  Spire  
  199  14:04  Pathogen Glands  
  199  15:14  Overseer  
  199  16:11  Extractor  
  199  16:12  Hatchery  
Show
View Real Time Build Order
Export as new Build Order

Chan Terran 

Build Orders: Reaper Expand 

Get SALT Encoding   

  12  0:00  SCV  
  13  0:12  SCV  
  14  0:18  Supply Depot  
  14  0:24  SCV  
  15  0:36  Refinery  
  15  0:40  SCV  
  16  0:44  Barracks  
  16  0:52  SCV  
  17  1:04  SCV  
  18  1:16  SCV  
  19  1:31  Orbital Command, Reaper  
  20  1:47  Command Center  
  20  2:02  Factory  
  20  2:04  SCV  
  21  2:17  SCV, Supply Depot  
  21  2:20  Barracks Reactor  
  22  2:29  SCV  
  23  2:41  SCV  
  24  2:51  Command Center  
  24  2:53  SCV  
  26  3:06  Orbital Command  
  26  3:12  SCV  
  26  3:13  Marine x2  
  26  3:18  Factory Tech Lab  
  28  3:24  SCV  
  29  3:36  SCV  
  29  3:40  SCV  
  31  3:42  Marine x2, Siege Tank  
  31  3:45  Refinery  
  31  3:48  SCV  
  37  3:52  SCV  
  38  4:00  SCV  
  39  4:04  SCV  
  39  4:06  Orbital Command  
  40  4:12  SCV  
  40  4:16  SCV  
  42  4:22  Marine x2, Siege Tank  
  47  4:24  SCV  
  47  4:28  SCV  
  49  4:32  Command Center  
  49  4:36  SCV x2  
  51  4:40  Marine x2, SCV  
  51  4:41  Supply Depot x2  
  54  4:46  Barracks  
  54  4:48  Barracks  
  54  4:49  SCV x2  
  54  4:51  Refinery x2  
  56  4:54  SCV  
  56  4:58  Marine x2  
  59  5:01  SCV  
  59  5:04  Starport  
  59  5:06  SCV  
  62  5:13  SCV, Factory Reactor  
  62  5:18  SCV  
  62  5:20  Marine x2  
  65  5:23  Orbital Command  
  65  5:25  SCV  
  65  5:26  Engineering Bay x2  
  66  5:30  SCV  
  66  5:31  Supply Depot  
  66  5:33  Barracks Tech Lab  
  66  5:35  Barracks Tech Lab  
  67  5:37  SCV  
  67  5:41  Marine  
  67  5:42  Marine  
  70  5:43  SCV  
  70  5:49  SCV  
  74  5:50  SCV  
  74  5:51  Planetary Fortress  
  74  5:53  Terran Infantry Armor Level 1, Terran Infantry Weapons Level 1  
  74  5:55  SCV  
  74  5:58  Medivac x2  
  74  6:01  SCV  
  74  6:02  SCV  
  80  6:07  SCV  
  80  6:09  Marine x4  
  85  6:11  Stimpack  
  85  6:14  SCV x2, Refinery, Combat Shield  
  85  6:15  Refinery  
  87  6:19  SCV  
  87  6:21  Supply Depot  
  87  6:22  Supply Depot  
  88  6:26  SCV x2  
  88  6:30  Marine x2  
  88  6:31  Marine x2  
  88  6:32  SCV x2  
  96  6:38  SCV x2  
  98  6:42  Medivac x2  
  98  6:44  SCV x2  
  98  6:45  Supply Depot x2  
  98  6:47  Supply Depot  
  104  6:49  Missile Turret  
  104  6:50  SCV x2  
  104  6:52  Marine x4  
  104  6:53  Siege Tank  
  113  6:56  SCV x2  
  115  7:01  Supply Depot  
  115  7:02  SCV  
  115  7:03  Supply Depot  
  115  7:05  Supply Depot  
  116  7:10  Armory  
  116  7:11  Marine x2  
  116  7:12  Marine x2, Medivac x2  
  116  7:14  SCV x2  
  116  7:15  SCV  
  127  7:16  SCV  
  128  7:26  SCV x2  
  128  7:27  Barracks  
  128  7:28  Barracks  
  128  7:29  Siege Tank  
  133  7:31  Marine x2  
  133  7:32  Marine x2, Supply Depot  
  133  7:35  SCV x2  
  139  7:38  SCV x2  
  141  7:45  Medivac  
  141  7:46  Medivac, Command Center  
  141  7:48  SCV  
  141  7:49  Marine, SCV  
  141  7:50  SCV  
  149  7:53  Ghost Academy  
  149  7:55  Refinery x2  
  149  7:56  SCV  
  150  8:00  SCV  
  150  8:01  SCV  
  150  8:02  Terran Infantry Armor Level 2, Terran Infantry Weapons Level 2  
  150  8:04  SCV  
  153  8:08  SCV  
  153  8:09  Sensor Tower  
  154  8:13  SCV x2  
  154  8:15  Barracks Tech Lab  
  154  8:16  Barracks Tech Lab  
  156  8:21  Barracks x2  
  156  8:22  SCV x2, Barracks  
  158  8:27  Command Center  
  158  8:30  Ghost x2  
  158  8:34  Ghost  
  162  8:35  Ghost  
  162  8:39  Refinery  
  166  8:42  Refinery  
  166  8:43  Supply Depot  
  166  8:46  Supply Depot  
  166  8:54  Missile Turret  
  166  9:01  Ghost x2  
  166  9:02  Ghost  
  170  9:03  Ghost  
  170  9:07  Planetary Fortress  
  174  9:26  Refinery  
  174  9:27  Missile Turret, Refinery  
  174  9:29  Ghost  
  174  9:30  Ghost  
  174  9:31  Ghost  
  178  9:35  Command Center  
  178  9:36  Missile Turret  
  180  9:45  Ghost, Barracks Tech Lab x3  
  182  9:55  Planetary Fortress  
  182  10:02  Ghost x3  
  182  10:04  Ghost x3  
  194  10:09  Refinery  
  194  10:11  Refinery, Missile Turret  
  194  10:14  Command Center  
  194  10:16  Command Center  
  194  10:20  Terran Infantry Armor Level 3, Terran Infantry Weapons Level 3  
  194  10:30  Ghost x3  
  200  10:53  Ghost Academy x2  
  200  10:54  Ghost Academy x2  
  200  10:55  Ghost Academy  
  200  10:57  Ghost Academy  
  200  10:59  Ghost Academy x2  
  200  11:04  Personal Cloaking  
  200  11:08  Planetary Fortress  
  200  11:11  Command Center  
  200  11:19  Ghost Academy x2  
  200  11:21  Ghost Academy x2  
  200  11:22  Ghost Academy  
  200  11:27  Orbital Command  
  200  11:28  Orbital Command  
  200  11:45  Nuke x8  
  200  11:59  Nuke x3  
  200  12:00  Nuke x2  
  200  12:29  Nuke  
  200  12:48  Nuke x3  
  198  13:03  Nuke x2  
  198  13:04  Ghost  
  200  13:26  Ghost  
  188  13:42  Ghost  
  188  13:43  Ghost x5  
  188  13:48  Nuke x2  
  200  14:07  Nuke  
  200  14:35  Nuke x3  
  200  15:33  Ghost x3, Siege Tank  
  200  15:55  Nuke x2  
Show
View Real Time Build Order
Export as new Build Order

jendrus Zerg 

Build Orders: Pool First 

Get SALT Encoding   

  13  0:07  Drone  
  13  0:09  Drone  
  14  0:18  Overlord  
  14  0:37  Drone x2  
  16  0:45  Drone  
  17  0:59  Spawning Pool  
  17  1:01  Overlord x2  
  16  1:15  Drone  
  17  1:24  Drone  
  18  1:31  Extractor  
  17  1:35  Drone  
  18  1:44  Drone  
  19  2:06  Drone  
  20  2:24  Drone x2, Extractor  
  21  2:38  Drone  
  21  2:40  Zergling x2  
  21  2:43  Lair  
  23  2:49  Evolution Chamber  
  22  2:53  Evolution Chamber  
  22  2:56  Drone  
  22  3:10  Drone  
  23  3:13  Drone  
  23  3:39  Zergling x4  
  25  3:51  Zergling x2  
  25  4:06  Zergling x4  
  26  4:13  Hydralisk Den  
  25  4:47  Queen  
  25  4:50  Hydralisk  
  25  4:51  Hydralisk x2  
  33  4:54  Grooved Spines  
  33  4:56  Zerg Missile Weapons Level 1  
  33  4:57  Zerg Ground Armor Level 1  
  33  5:08  Zergling x2  
  32  5:32  Hydralisk x2  
  36  6:02  Spawning Pool, Drone  
  36  6:09  Drone x2  
  38  6:19  Overlord  
  38  6:25  Overlord  
  38  6:36  Hatchery  
  38  6:39  Extractor  
  36  6:40  Hydralisk  
  36  6:41  Hydralisk x2  
  42  6:50  Zerg Missile Weapons Level 2  
  42  6:52  Zerg Ground Armor Level 2  
  42  6:54  Muscular Augments  
  43  7:01  Drone  
  43  7:12  Hydralisk x2  
  47  7:30  Extractor  
  46  7:48  Queen  
  46  7:50  Drone  
  49  8:00  Drone  
  49  8:05  Hydralisk x4  
  50  8:06  Hydralisk  
  50  8:12  Overlord  
  60  8:28  Overlord  
  60  8:33  Overlord x2  
  60  8:52  Drone  
  59  9:44  Drone x3  
  62  9:49  Hydralisk x2  
  62  9:50  Hydralisk x6  
  62  9:51  Hydralisk x3  
  84  9:57  Hydralisk  
  86  10:03  Overlord  
  86  10:27  Drone  
  86  10:28  Drone x2  
  89  10:56  Hydralisk x2  
  89  10:57  Hydralisk x3  
  89  11:02  Overlord x3  
  99  11:12  Infestation Pit  
  98  11:40  Hydralisk x2  
  98  11:41  Hydralisk x3  
  98  11:45  Hydralisk  
  110  11:51  Hydralisk  
  112  11:57  Drone  
  112  12:01  Drone  
  114  12:04  Drone  
  115  12:23  Hydralisk x2  
  115  12:29  Overseer  
  119  12:35  Overseer x3  
  35  13:51  Zergling x6  
  35  13:55  Zergling x10  
  41  13:56  Zergling x6  
  41  14:02  Baneling Nest  
  45  14:10  Hive  
  45  14:35  Zergling x2  
  45  14:36  Zergling x4  
  48  14:42  Zergling x4  
  48  14:43  Zergling x2  
  51  14:57  Baneling x6  
  51  14:58  Baneling x5  
  51  14:59  Baneling x6  
  51  15:00  Baneling x4  
  35  15:36  Baneling x2  
  35  15:39  Zergling x2  
  35  15:40  Zergling x4  
  39  15:42  Zergling x2  
  39  15:43  Zergling x4  
  41  15:58  Zergling x2  
  41  16:03  Baneling  
  41  16:04  Baneling x4  
  42  16:06  Baneling  
  40  16:38  Baneling x6  
  40  16:39  Baneling  
Show
View Real Time Build Order
Export as new Build Order

Sidziej Terran 

Build Orders:  

Get SALT Encoding   

  12  0:01  SCV  
  13  0:13  SCV  
  14  0:19  Supply Depot  
  14  0:25  SCV  
  15  0:40  SCV  
  16  0:43  Barracks  
  16  0:45  Refinery  
  16  0:52  SCV  
  17  1:04  SCV  
  18  1:16  SCV  
  19  1:29  SCV  
  19  1:31  Reaper  
  21  1:41  Command Center  
  21  2:15  Factory  
  22  2:16  Orbital Command  
  21  2:28  Barracks Reactor  
  21  2:49  SCV  
  22  2:54  Refinery  
  22  3:01  SCV  
  22  3:10  Marine x2  
  23  3:35  Bunker  
  21  3:47  Factory Tech Lab  
  19  3:56  Marine x2  
  18  4:13  Marine  
  18  4:14  Marine  
  16  4:39  SCV  
  17  4:49  SCV  
  17  4:51  SCV  
  19  4:54  Marine  
  19  4:55  Marine  
  19  4:56  Siege Tank  
  24  5:01  SCV  
  24  5:03  SCV  
  26  5:21  SCV  
  27  5:33  SCV  
  28  5:43  Bunker  
  28  5:44  Orbital Command  
  28  5:45  SCV  
  29  6:11  SCV  
  29  6:13  Engineering Bay  
  30  6:18  SCV  
  30  6:24  SCV  
  32  6:34  Barracks  
  32  6:35  SCV  
  32  6:36  SCV, Barracks  
  34  6:45  Marine x2  
  36  6:47  SCV  
  37  6:55  Missile Turret  
  37  6:56  Missile Turret  
  37  7:03  Marine  
  37  7:06  Missile Turret  
  38  7:15  Starport  
  38  7:25  Barracks Reactor  
  38  7:26  Barracks Tech Lab  
  38  7:30  Barracks  
  38  7:32  Barracks  
  38  7:41  Supply Depot x2  
  38  7:42  Supply Depot  
  38  7:50  Stimpack  
  38  8:02  Marine x2, SCV, Medivac, Siege Tank  
  38  8:03  SCV  
  38  8:04  Supply Depot  
  47  8:07  Terran Infantry Weapons Level 1  
  47  8:14  SCV  
  47  8:15  SCV  
  49  8:20  Marine  
  49  8:26  Marine x3, SCV  
  49  8:27  Marine, SCV  
  56  8:34  Siege Tank  
  56  8:38  Marine  
  60  8:44  Marine x4  
  64  8:49  Barracks Reactor  
  64  8:50  Barracks Reactor  
  64  8:53  Starport Tech Lab  
  64  8:55  Marine  
  65  9:07  Missile Turret  
  65  9:09  Missile Turret  
  65  9:12  Missile Turret  
  65  9:14  Missile Turret  
  65  9:19  Raven  
  67  9:39  SCV  
  67  9:40  SCV  
  69  9:52  SCV  
  70  10:18  Supply Depot  
  70  10:19  Supply Depot  
  70  10:20  Supply Depot  
  70  10:22  Supply Depot x2  
  70  10:23  Supply Depot x3  
  70  10:39  SCV x2, Siege Tank  
  75  10:45  Missile Turret  
  75  10:46  Missile Turret  
  75  10:47  Missile Turret, Supply Depot  
  75  10:49  Missile Turret x2  
  75  10:53  Marine x2  
  75  10:54  Marine x7  
  84  10:57  Medivac  
  84  11:02  Terran Infantry Armor Level 1  
  86  11:07  Refinery  
  86  11:09  Refinery  
  86  11:11  Marine x4  
  86  11:12  Marine, Siege Tank  
  94  11:27  Medivac  
  96  11:44  Siege Tank  
  99  11:47  Missile Turret  
  99  11:48  SCV x2  
  99  11:51  Marine x4  
  99  11:52  Marine x5  
  110  12:00  SCV  
  111  12:09  Marine  
  112  12:16  Siege Tank  
  115  12:27  Marine x3  
  115  12:28  Marine x5  
  123  12:32  Marine  
  124  12:40  Supply Depot  
  124  12:42  Supply Depot  
  124  12:43  Supply Depot  
  124  12:45  Marine x4, Supply Depot  
  124  12:46  Marine x3, Supply Depot  
  124  12:47  Supply Depot  
  124  12:49  Marine, Supply Depot  
  132  12:53  Supply Depot  
  69  13:26  Marine x2  
  69  13:27  Marine x6  
  71  13:31  SCV  
  78  13:44  Marine x2  
  78  15:26  Starport Tech Lab  
  78  15:45  Raven  
Tags
 
Add a new tag
Caveats
  • Supply blocks, unpowered buildings, or Contaminate may cause inaccurate times.
  • Supply counts are checked every 10 seconds.